 Dungeon Crawl Stone Soup version 0.31-a0-237-g2d982f9f85 (webtiles) character file.

Game seed: 16891458964080023019

217 qw the Shooter (level 5, -2/31 HPs)
             Began as a Gargoyle Hexslinger on July 11, 2023.
             Slain by a gnoll
             ... wielding a +0 club
             ... led by a gnoll bouda
              (3 damage)
             ... on level 4 of the Dungeon.
             The game lasted 00:00:57 (2351 turns).

qw the Shooter (Gargoyle Hexslinger)                Turns: 2351, Time: 00:00:58

Health: -2/31      AC: 10    Str: 12    XL:     5   Next: 94%
Magic:  0/6        EV: 10    Int: 13    God:
Gold:   242        SH:  0    Dex: 14    Spells: 5/6 levels left

rFire   . . .        Y - +1 sling (drain)
rCold   . . .        (no shield)
rNeg    + . .        h - +0 ring mail
rPois   inf          (no helmet)
rElec   +            (no cloak)
rCorr   .            (no gloves)
SInv    .            e - +0 pair of boots
Will    .....        j - amulet of guardian spirit
Stlth   +            (no ring)
HPRegen 0.25/turn    (no ring)
MPRegen 0.10/turn

%: clarity, guardian spirit
@: about to teleport, weakened
A: sickness immunity, AC +4, negative energy resistance 1, electricity
resistance, torment resistance 1, petrification resistance, clarity, wild magic
1
a: no special abilities


You were on level 4 of the Dungeon.
You visited 1 branch of the dungeon, and saw 4 of its levels.

You collected 242 gold pieces.


Innate Abilities, Weirdness & Mutations

You are immune to sickness and miasma.
Your stone body is resilient. (AC +4)
You are immune to poison.
You resist negative energy. (rN+)
You are resistant to electric shocks. (rElec)
You are resistant to unholy torment.
You are immune to petrification.
You possess an exceptional clarity of mind.
Your spells are a little harder to cast, but a little more powerful.


   Skills:
 + Level 2.6 Fighting
 - Level 5.3 Ranged Weapons
 - Level 1.0 Armour
 - Level 1.5 Dodging
 - Level 1.0 Spellcasting
 - Level 2.6 Hexes


You had 5 spell levels left.
You knew the following spells:

 Your Spells              Type           Power      Damage    Failure   Level
a - Slow                  Hex            36%        N/A       30%         1

Your spell library contained the following spells:

 Spells                   Type           Power      Damage    Failure   Level
 Inner Flame              Hex/Fire       5%         N/A       80%         3
 Portal Projectile        Hex/Tloc       10%        N/A       80%         3
 Cause Fear               Hex            4%         N/A       95%         4

Inventory:

Hand Weapons
 Y - a +1 sling of draining (weapon)
Armour
 e - a +0 pair of boots (worn)
 h - a +0 ring mail (worn)
Jewellery
 j - an amulet of guardian spirit (around neck)
Scrolls
 a - 3 scrolls of teleportation
 c - a scroll of identify
Potions
 b - 2 potions of mutation
 d - a potion of haste
 l - a potion of cancellation {unknown}
 m - a potion of curing

Dungeon Overview and Level Annotations

Branches:
Dungeon (4/15)
 Temple: D:4-7

Altars:
Dithmenos
Uskayaw

Shops:
D:2 (


Message History

The endoplasm hits you but does no damage.
The gnoll bouda hits you with a +0 whip.
The gnoll hits you with a +0 club.
You shoot a sling bullet.
The sling bullet closely misses the gnoll bouda.
The endoplasm freezes you.
You are frozen.
The gnoll bouda barely misses you. The gnoll hits you with a +0 club.
You shoot a sling bullet. The sling bullet hits the gnoll bouda.
You drain the gnoll bouda.
The gnoll bouda is heavily wounded.
The gnoll bouda hits you but does no damage.
The endoplasm hits you. The gnoll closely misses you.
You shoot a sling bullet. The sling bullet hits the gnoll bouda.
The gnoll bouda is heavily wounded.
The endoplasm closely misses you.
The gnoll bouda hits you but does no damage.
The gnoll hits you with a +0 club. The endoplasm hits you.
The gnoll bouda gazes fiercely through you!
You feel your attacks grow feeble. The gnoll bouda closely misses you.
The gnoll hits you with a +0 club.
2349 ||| READING 4 scrolls of teleportation.
As you read the scroll of teleportation, it crumbles to dust.
You feel strangely unstable. The endoplasm barely misses you.
The gnoll bouda hits you with a +0 whip.
The gnoll closely misses you.
You shoot a sling bullet. The sling bullet hits the gnoll bouda.
You drain the gnoll bouda.
The gnoll bouda is severely wounded.
The gnoll is no longer moving quickly.
The gnoll bouda hits you with a +0 whip.
The endoplasm hits you but does no damage.
The gnoll hits you but does no damage.
You shoot a sling bullet. The sling bullet hits the gnoll bouda.
The gnoll bouda is almost dead.
The gnoll bouda hits you with a +0 whip.
The endoplasm hits you but does no damage.
The gnoll hits you with a +0 club.
You die...

##### ....# . . ....#
######## .. ..
....##########......##......
......<..........g..........
....##########..@gK.## .....
.....### #..)J..##......
####...# #........).....
###.# #......###..... #.##
######## ... #..####### .
#######........ #...#
#........ #...# #........


You could see a gnoll bouda (very drained), a gnoll, an endoplasm and a kobold.

Vanquished Creatures
  A phantom (D:4)
  A hound (D:3)
  2 gnolls (D:4)
  4 adders
  An ufetubus (D:4)
  2 dart slugs (D:3)
  An orc (D:3)
  5 ball pythons
  4 endoplasms
  3 giant cockroaches
  7 goblins
  2 hobgoblins
  2 kobolds
  2 quokkas
  5 bats
  2 frilled lizards
  8 rats
52 creatures vanquished.

Notes
Turn   | Place    | Note
-------+----------+-------------------------------------------
     0 | D:1      | qw the Gargoyle Hexslinger began the quest for the Orb.
     0 | D:1      | Reached XP level 1. HP: 12/12 MP: 2/2
     0 | D:1      | 0 ||| qw: Version: 0.3-a-52-g30416fa
     0 | D:1      | 0 ||| qw: Game counter: 5488
     0 | D:1      | 0 ||| qw: Melee chars always use a shield: true
     0 | D:1      | 0 ||| qw: God list: Okawaru
     0 | D:1      | 0 ||| qw: Allow faded altars: false
     0 | D:1      | 0 ||| qw: Do Orc after clearing Dungeon:15 true
     0 | D:1      | 0 ||| qw: Do second Lair branch before Depths: true
     0 | D:1      | 0 ||| qw: Lair rune preference: random
     0 | D:1      | 0 ||| qw: Goals: Normal
     0 | D:1      | 0 ||| PLANNING D:1-11
   143 | D:1      | Reached XP level 2. HP: 16/16 MP: 3/3
   261 | D:1      | Reached skill level 3 in Ranged Weapons
   391 | D:1      | 391 ||| UPGRADING to +0 pair of boots.
   396 | D:1      | 396 ||| UPGRADING to +0 leather armour.
   406 | D:1      | 406 ||| DROPPING +0 robe.
   407 | D:1      | 407 ||| UPGRADING to +0 ring mail.
   417 | D:1      | 417 ||| DROPPING +0 leather armour.
   418 | D:1      | 418 ||| UPGRADING to amulet of guardian spirit.
   423 | D:1      | 423 ||| READING 3 scrolls labelled SEAMARH ECKED.
   428 | D:1      | 428 ||| READING scroll labelled EHOICIOWNA.
   429 | D:1      | 429 ||| DRINKING 2 fuming pink potions.
   430 | D:1      | 430 ||| DROPPING scroll of poison.
   431 | D:1      | 431 ||| DROPPING potion of attraction.
   591 | D:2      | Found a faded altar of an unknown god.
   608 | D:2      | Reached XP level 3. HP: 21/21 MP: 4/4
   708 | D:2      | Reached skill level 1 in Armour
   913 | D:2      | Found Reomyjyma's Weapon Emporium.
  1042 | D:2      | Reached XP level 4. HP: 26/26 MP: 5/5
  1100 | D:2      | 1100 ||| DROPPING ring of magical power.
  1101 | D:2      | 1101 ||| READING 2 scrolls labelled HAOLUTUKKE.
  1102 | D:2      | 1102 ||| READING scroll labelled NOIFORU HILUFRIOHI.
  1103 | D:2      | 1103 ||| READING scroll labelled KYOF KYASKU.
  1104 | D:2      | 1104 ||| READING 2 scrolls labelled MASMUS ECRO.
  1119 | D:2      | 1119 ||| DROPPING scroll of torment.
  1271 | D:3      | Found a hide-covered altar of Uskayaw.
  1506 | D:3      | Reached skill level 4 in Ranged Weapons
  1761 | D:3      | Reached XP level 5. HP: 30/30 MP: 6/6
  2042 | D:3      | 2042 ||| READING scroll labelled JAPSU PIYCYOHU.
  2043 | D:3      | 2043 ||| READING scroll labelled FYLULAAMEO.
  2044 | D:3      | 2044 ||| DRINKING 2 dark potions.
  2044 | D:3      | Gained mutation: You possess an exceptional clarity of
                  | mind. [potion of mutation]
  2044 | D:3      | Gained mutation: Your spells are a little harder to cast,
                  | but a little more powerful. [potion of mutation]
  2045 | D:3      | 2045 ||| DRINKING 2 bubbling sapphire potions.
  2046 | D:3      | 2046 ||| DRINKING 2 emerald potions.
  2047 | D:3      | 2047 ||| READING 3 scrolls of identify.
  2047 | D:3      | 2047 ||| IDENTIFYING sedimented amethyst potion
  2048 | D:3      | 2048 ||| READING 2 scrolls of identify.
  2048 | D:3      | 2048 ||| IDENTIFYING viscous blue potion
  2049 | D:3      | 2049 ||| DROPPING potion of lignification.
  2050 | D:3      | 2050 ||| DROPPING potion of degeneration.
  2125 | D:4      | Found a shadowy altar of Dithmenos.
  2126 | D:4      | Noticed a phantom
  2150 | D:4      | Killed a phantom
  2151 | D:4      | Reached skill level 5 in Ranged Weapons
  2335 | D:4      | 2335 ||| FLEEEEING.
  2336 | D:4      | 2336 ||| FLEEEEING.
  2337 | D:4      | 2337 ||| FLEEEEING.
  2338 | D:4      | 2338 ||| FLEEEEING.
  2348 | D:4      | HP: 7/31 [gnoll/+0 club[a gnoll bouda] (2)]
  2349 | D:4      | 2349 ||| READING 4 scrolls of teleportation.
  2350 | D:4      | HP: 2/31 [gnoll bouda/+0 whip (4)]
  2351 | D:4      | Slain by a gnoll

Levels and vault maps discovered:
D:1:      amcnicky_arrival_feature_with_door, layout_rooms
D:2:      layout_basic, shapermc_ecumenical_altar_venn, serial_shops, shop
D:3:      layout_basic, overflow_temple_1_default
D:4:      layout_rooms, fedhas_altar_decomposition,
          mainiacjoe_overflow_24_doors, uniq_pikel

Skill      XL: |  1  2  3  4  5 |
---------------+----------------+-----
Ranged Weapons | 3 4 5 |  5.3
Fighting       | 2 |  2.6
Armour         | 1 |  1.0
Dodging        | |  1.5
Spellcasting   | |  1.0
Hexes          | |  2.6

Action                     |  1- 3 |  4- 6 || total
---------------------------+-------+-------++-------
   Fire: Sling             |   107 |    96 ||   203
    Use: Scroll            |     2 |     9 ||    11
         Potion            |     1 |     3 ||     4
 Armour: Robe              |    11 |       ||    11
         Ring mail         |    22 |    38 ||    60
  Dodge: Dodged            |    30 |    52 ||    82

Table legend:
 A = Non-vault XP
 B = Vault XP
 C = Vault XP percentage of total XP
 D = Non-vault monster count
 E = Vault monster count
 F = Vault count percentage of total count
                 A         B        C        D         E       F
            +---------+---------+-------+---------+---------+-------
      Total |     311 |       0 |   0.0 |      52 |       0 |   0.0
            +---------+---------+-------+---------+---------+-------
        D:1 |      23 |       0 |   0.0 |      14 |       0 |   0.0
        D:2 |      62 |       0 |   0.0 |      18 |       0 |   0.0
        D:3 |      81 |       0 |   0.0 |      14 |       0 |   0.0
        D:4 |     145 |       0 |   0.0 |       6 |       0 |   0.0
            +---------+---------+-------+---------+---------+-------
